 Dungeon Crawl Stone Soup version 0.31-a0-1589-g8f5e8aebd6 (webtiles) character file.

Game seed: 10828909688806612455

22964 case the Severer (level 12, 0/107 HPs)
             Began as a Minotaur Berserker on Jan 6, 2024.
             Was a High Priest of Trog.
             Slain by a boulder beetle (18 damage)
             ... on level 2 of the Lair of Beasts.
             The game lasted 00:18:22 (11796 turns).

case the Severer (Minotaur Berserker)              Turns: 11796, Time: 00:18:23

Health: 0/107      AC: 20    Str: 33    XL:     12   Next: 67%
Magic:  0/11       EV: 10    Int: 10    God:    Trog [*****.]
Gold:   683        SH:  0    Dex: 13    Spells: 11/11 levels left

rFire   . . .        E - +4 executioner's axe
rCold   . . .        (shield currently unavailable)
rNeg    + . .        D - +1 chain mail {rPois}
rPois   +            (helmet restricted)
rElec   +            m - +2 cloak {Will+}
rCorr   .            C - +0 pair of gloves {Dex+3}
SInv    .            T - +1 pair of boots
Will    ++++.        j - amulet "Tuodykic" {Spirit rElec rPois Will+ Stlth-} Stlth
                     v - ring "Leibeikh" {rN+ Will++ Str+6 Int+6}
HPRegen 0.37/turn    k - +4 ring of slaying
MPRegen 0.12/turn

%: guardian spirit
@: on berserk cooldown
A: horns 2, retaliatory headbutt
a: Renounce Religion, Berserk, Trog's Hand, Brothers in Arms


You were on level 2 of the Lair of Beasts.
You worshipped Trog.
Trog was extremely pleased with you.
You visited 2 branches of the dungeon, and saw 15 of its levels.

You collected 1863 gold pieces.
You spent 1180 gold pieces at shops.

Inventory:

Hand Weapons
 t - a +4 broad axe
 E - a +4 executioner's axe (weapon)
Armour
 m - a +2 cloak of willpower (worn)
 C - a +0 pair of gloves of dexterity (worn)
 D - a +1 chain mail of poison resistance (worn)
 T - a +1 pair of boots (worn)
Jewellery
 g - a ring of positive energy
 j - the amulet "Tuodykic" (around neck) {Spirit rElec rPois Will+ Stlth-}
   (You acquired it on level 9 of the Dungeon)

   [amulet of guardian spirit]

   Spirit:    It causes incoming damage to be divided between your reserves of
   health and magic.
   rElec:     It insulates you from electricity.
   rPois:     It protects you from poison Will+: It increases your willpower.
   Stlth-:    It makes you less stealthy.
 k - a +4 ring of slaying (right hand)
 l - a +6 ring of dexterity
 v - the ring "Leibeikh" (left hand) {rN+ Will++ Str+6 Int+6}
   (You bought it in a shop on level 1 of the Dungeon)

   [ring of strength]

   Str+6:     It affects your strength (+6).
   Int+6:     It affects your intelligence (+6).
   rN+:       It protects you from negative energy.
   Will++:    It greatly increases your willpower.
 N - a +5 ring of evasion
 R - a ring of willpower
 U - a +6 ring of dexterity
Wands
 w - a wand of iceblast (18)
 y - a wand of mindburst (17)
 B - a wand of charming (8)
 H - a wand of flame (25)
 I - a wand of digging (6)
 L - a wand of acid (1)
Scrolls
 b - 7 scrolls of revelation
 c - 2 scrolls of identify
 f - 5 scrolls of poison
 n - 2 scrolls of noise
 p - 5 scrolls of fog
 q - a scroll of brand weapon {unknown}
 r - 3 scrolls of immolation {unknown}
 s - 3 scrolls of silence {unknown}
 x - 3 scrolls of amnesia {unknown}
 J - 2 scrolls of enchant armour {unknown}
 K - 3 scrolls of teleportation
 M - a scroll of torment {unknown}
 O - a scroll of fear {unknown}
 P - a scroll of vulnerability {unknown}
 S - a scroll of enchant weapon
Potions
 a - a potion of magic {unknown}
 d - 6 potions of curing
 e - 5 potions of enlightenment
 h - a potion of resistance
 i - a potion of ambrosia {unknown}
 o - a potion of attraction
 u - 3 potions of haste {unknown}
 z - 2 potions of mutation {unknown}
 A - 3 potions of heal wounds {unknown}
 F - 2 potions of berserk rage {unknown}
 G - 2 potions of degeneration {unknown}
 Q - a potion of lignification {unknown}
 V - a potion of might {unknown}


   Skills:
 + Level 10.5 Fighting
 * Level 20.7 Axes
 + Level 10.9 Armour
 - Level 2.1 Dodging


You had 11 spell levels left.
You didn't know any spells.
Your spell library was empty.

Dungeon Overview and Level Annotations

Branches:
Dungeon (13/15)            Temple (0/1) D:5            Lair (2/5) D:9
    Orc (0/2) D:11         Vaults (0/5) D:13
  Swamp: Lair:2-3    Shoals: Lair:2-3     Snake: Lair:2-3    Spider: Lair:2-3

Altars:
Ashenzari
Dithmenos
Fedhas
Gozag
Hepliaklqana
Makhleb
Sif Muna
Trog
Vehumet

Shops:
D:1 =*[[*   D:5 *   D:7 ?

Annotations:
D:8 2 transporters
D:13 Lodul, Snorg


Innate Abilities, Weirdness & Mutations

You have a pair of horns on your head.
You reflexively headbutt those who attack you in melee.


Message History

The wolf closely misses you.
A wolf comes into view.
A yak comes into view.
You barely miss the wolf. Your headbutt misses the wolf.
You barely miss the wolf. The wolf bites you.
* * * LOW HITPOINT WARNING * * *
The wolf bites you but does no damage. x2; The wolf barely misses you.
You miss the wolf. You headbutt the wolf!!
The wolf is almost dead.
You miss the wolf.
The wolf bites you but does no damage. x2
The wolf bites you.
* * * LOW HITPOINT WARNING * * *
The wolf bites you.
* * * LOW HITPOINT WARNING * * *
The wolf bites you but does no damage. The wolf misses you.
You furiously retaliate!
You headbutt the wolf!
You kill the wolf!
Trog accepts your kill.
You feel better. The wolf bites you but does no damage. The wolf bites you!
* * * LOW HITPOINT WARNING * * *
The wolf attacks as it pursues you! The wolf bites you but does no damage.
The wolf barely misses you. The wolf bites you.
* * * LOW HITPOINT WARNING * * *
You closely miss the wolf.
The wolf bites you but does no damage. x2
You completely miss the wolf. Your headbutt misses the wolf.
The wolf bites you but does no damage. The wolf bites you.
* * * LOW HITPOINT WARNING * * *
As you read the scroll of teleportation, it crumbles to dust.
You feel strangely unstable. The wolf bites you.
* * * LOW HITPOINT WARNING * * *
The wolf closely misses you.
You feel yourself speed up.
Your surroundings suddenly seem different.
A boulder beetle comes into view.
Found a human corpse, a potion of attraction and a book of Vapours.
The boulder beetle curls into a ball and begins rolling!
You feel better.
Your deep troll goes berserk!
The boulder beetle attacks as it pursues you!
The boulder beetle hits you!!
You die...

### P.#
..P
#######:#
........#
.!.†°.T.#
.....°○.##
#B@# ####


You could see a boulder beetle (rolling, ally target) and a friendly deep troll
(summoned, berserk).

Vanquished Creatures
  2 boulder beetles (D:11)
  6 two-headed ogres
  Urug (D:11)
  A black mamba (Lair:2)
  2 cane toads
  2 gargoyles
  A rime drake (Lair:2)
  An unseen horror (D:11)
  Maggie (D:7)
  4 komodo dragons
  A kobold demonologist (D:11)
  2 trolls
  A polar bear (Lair:1)
  9 blink frogs (Lair:1)
  4 slime creatures (D:12)
  A vampire (D:10)
  3 wyverns
  3 shadows
  22 yaks
  2 wraiths (D:10)
  7 vampire mosquitoes (D:12)
  4 basilisks (Lair:1)
  A steam dragon (D:6)
  Grum (D:11)
  A warg (D:11)
  Menkaure (D:7)
  2 acid dragons
  5 water moccasins
  An orc warrior (D:8)
  An ice beast (D:6)
  A sky beast (D:7)
  A black bear (Lair:2)
  18 wolves
  4 centaurs
  3 kobold brigands
  2 phantoms (D:6)
  2 bullfrogs
  6 wights
  4 killer bees (D:10)
  A howler monkey (D:10)
  A bombardier beetle (D:7)
  Crazy Yiuf (D:7)
  4 hounds
  4 jellies
  3 orc priests
  2 sleepcaps
  8 orc wizards
  7 gnolls
  7 adders
  A shadow imp (D:7)
  A white imp (D:7)
  2 ufetubi (D:5)
  2 dart slugs (D:2)
  4 ribbon worms
  29 orcs
  9 ball pythons
  10 endoplasms
  8 hobgoblins
  3 jackals (D:2)
  5 quokkas
  A bat (D:1)
  2 frilled lizards
  6 goblins
  15 kobolds
  3 rats
273 creatures vanquished.

Vanquished Creatures (others)
  A sky beast (D:6)
1 creature vanquished.

Grand Total: 274 creatures vanquished

Notes
Turn   | Place    | Note
-------+----------+-------------------------------------------
     0 | D:1      | case the Minotaur Berserker began the quest for the Orb.
     0 | D:1      | Reached XP level 1. HP: 19/19 MP: 0/0
   246 | D:1      | Reached skill level 4 in Axes
   295 | D:1      | Found Ciohong's Antique Armour Emporium.
   307 | D:1      | Found Intie's Assorted Antiques.
   605 | D:1      | Reached XP level 2. HP: 21/26 MP: 1/1
   678 | D:1      | Found Pobimuh's Jewellery Emporium.
   770 | D:1      | Found Siusher's Armour Boutique.
   776 | D:1      | Found Gaoqo's Assorted Antiques.
   953 | D:2      | Found a bloodstained altar of Trog.
   991 | D:2      | Reached skill level 5 in Axes
  1095 | D:2      | Reached XP level 3. HP: 20/31 MP: 2/2
  1152 | D:2      | Reached ** piety under Trog
  1483 | D:2      | Reached skill level 6 in Axes
  1483 | D:2      | Reached XP level 4. HP: 36/39 MP: 3/3
  2980 | D:4      | Reached skill level 7 in Axes
  2980 | D:4      | Reached XP level 5. HP: 37/45 MP: 4/4
  2986 | D:4      | Reached *** piety under Trog
  3288 | D:4      | Found a broken altar of Ashenzari.
  3711 | D:5      | Entered Level 5 of the Dungeon
  3720 | D:5      | Found Inacragu's General Store.
  3737 | D:5      | Reached skill level 8 in Axes
  3813 | D:5      | Reached XP level 6. HP: 51/51 MP: 5/5
  3830 | D:5      | Found a hazy altar of Hepliaklqana.
  4141 | D:5      | Found a staircase to the Ecumenical Temple.
  4188 | D:5      | Found a shimmering blue altar of Sif Muna.
  4474 | D:6      | Noticed a steam dragon
  4474 | D:6      | Noticed a sky beast
  4483 | D:6      | Killed a sky beast
  4484 | D:6      | Killed a steam dragon
  4485 | D:6      | Reached skill level 9 in Axes
  4486 | D:6      | Reached XP level 7. HP: 17/57 MP: 6/6
  4656 | D:6      | Reached skill level 10 in Axes
  4803 | D:6      | Found a burning altar of Makhleb.
  4812 | D:6      | Reached skill level 11 in Axes
  5038 | D:6      | Reached XP level 8. HP: 64/64 MP: 7/7
  5141 | D:6      | Reached skill level 12 in Axes
  5380 | D:7      | Found Inoum's Magic Scroll Boutique.
  5553 | D:1      | Bought a +0 pair of gloves of dexterity for 115 gold pieces
  5553 | D:1      | Bought a +1 chain mail of poison resistance for 135 gold
                  | pieces
  5553 | D:1      | Bought a +0 pair of boots for 45 gold pieces
  5783 | D:7      | Noticed Menkaure
  5788 | D:7      | Killed Menkaure
  5789 | D:7      | Reached skill level 13 in Axes
  5876 | D:7      | Reached **** piety under Trog
  5932 | D:7      | Found a radiant altar of Vehumet.
  5988 | D:7      | Identified 2 scrolls of acquirement
  5989 | D:7      | Acquired 1138 gold pieces
  6104 | D:7      | Noticed Maggie
  6113 | D:7      | Killed Maggie
  6114 | D:7      | Reached skill level 14 in Axes
  6114 | D:7      | Reached XP level 9. HP: 40/72 MP: 8/8
  6269 | D:7      | Found a runed translucent door.
  6270 | D:7      | Noticed Crazy Yiuf
  6277 | D:7      | Killed Crazy Yiuf
  6469 | D:8      | Noticed a two-headed ogre
  6711 | D:1      | Bought the ring "Leibeikh" {rN+ Will++ Str+6 Int+6} for 885
                  | gold pieces
  6937 | D:8      | Found a transporter.
  6973 | D:8      | Found a bloodstained altar of Trog.
  7137 | D:8      | Found a transporter.
  7192 | D:8      | Found a shadowy altar of Dithmenos.
  7214 | D:8      | Reached skill level 15 in Axes
  7311 | D:8      | Killed a two-headed ogre
  7312 | D:8      | Reached skill level 5 in Fighting
  7502 | D:9      | Acquired the amulet "Tuodykic" {Spirit rElec rPois Will+
                  | Stlth-}
  7552 | D:9      | Reached skill level 5 in Armour
  7599 | D:9      | Found a blossoming altar of Fedhas.
  7661 | D:9      | Noticed a two-headed ogre
  7668 | D:9      | Killed a two-headed ogre
  7669 | D:9      | Reached skill level 16 in Axes
  7669 | D:9      | Reached XP level 10. HP: 28/83 MP: 2/9
  7954 | D:9      | Noticed a two-headed ogre
  7961 | D:9      | Killed a two-headed ogre
  8036 | D:9      | Found a staircase to the Lair.
  8186 | D:10     | Entered Level 10 of the Dungeon
  8343 | D:10     | Found an opulent altar of Gozag.
  8360 | D:10     | Reached skill level 17 in Axes
  8472 | D:10     | Noticed a two-headed ogre
  8478 | D:10     | Killed a two-headed ogre
  8995 | D:11     | Noticed a two-headed ogre
  9000 | D:11     | Killed a two-headed ogre
  9001 | D:11     | Reached skill level 18 in Axes
  9001 | D:11     | Reached XP level 11. HP: 81/91 MP: 8/10
  9109 | D:11     | Noticed Urug
  9115 | D:11     | Killed Urug
  9250 | D:11     | Noticed Grum
  9255 | D:11     | Killed Grum
  9255 | D:11     | Reached ***** piety under Trog
  9323 | D:11     | Noticed a two-headed ogre
  9324 | D:11     | Noticed a boulder beetle
  9329 | D:11     | Killed a two-headed ogre
  9339 | D:11     | Killed a boulder beetle
  9340 | D:11     | Reached skill level 19 in Axes
  9643 | D:11     | Noticed a boulder beetle
  9651 | D:11     | Killed a boulder beetle
  9837 | D:11     | Found a staircase to the Orcish Mines.
 10630 | D:12     | Reached XP level 12. HP: 97/103 MP: 11/11
 10634 | D:13     | Noticed Lodul
 10634 | D:13     | Noticed a centaur warrior
 10634 | D:13     | Noticed a seven-headed hydra
 10634 | D:13     | Noticed Snorg
 10634 | D:13     | Found a gate to the Vaults.
 10735 | Lair:1   | Entered Level 1 of the Lair of Beasts
 10760 | Lair:1   | Reached skill level 10 in Armour
 10763 | Lair:1   | Reached skill level 20 in Axes
 11090 | Lair:1   | Received a gift from Trog
 11099 | Lair:1   | Reached skill level 10 in Fighting
 11793 | Lair:2   | Noticed a boulder beetle
 11796 | Lair:2   | Slain by a boulder beetle

Illustrated notes

Levels and vault maps discovered:
D:1:      dpeg_arrival_central, layout_basic, serial_shops, shop,
          nicolae_shop_scrapyard, shop, nicolae_shop_advertising_works
          [nicolae_subvault_shop_adworks], shop, hangedman_glass_teeth,
          st_stairs_3, minmay_misc_feat_rugged
D:2:      cheibrodos_old_hovel, layout_loops_ring, basic_altar
D:3:      layout_basic
D:4:      layout_basic, lemuel_round_altar
D:5:      layout_loops_ring, mainiacjoe_overflow_tiny_flanked,
          old_standard_altar, minmay_temple_entry_waves, serial_shops, shop,
          due_unseen_surprise
D:6:      layout_rooms, overflow_temple_1_default
D:7:      layout_rooms, nicolae_vehumet_radiance, nicolae_stop_n_shop_1,
          uniq_menkaure, uniq_maggie, uniq_crazy_yiuf_cottage
D:8:      gammafunk_cloud_chamber, layout_basic,
          mainiacjoe_overflow_surrounded_room, grunt_dithmenos_smoke
D:9:      layout_basic, fedhas_altar_fruit_tree, lair_entry_dummy
D:10:     layout_loops_ring, general_overflow_altar
D:11:     layout_basic, minmay_orc_entry_guard_dogs, uniq_grum, uniq_urug
D:12:     layout_roguey
D:13:     layout_rooms, david_vaults_3, gammafunk_ghost_wrathful_warriors,
          uniq_snorg
Lair:1:   layout_gridlike
Lair:2:   layout_roguey, minmay_swamp_entry_worms, nzn_sisyphean_effort,
          grunt_megastairs_4

Skill      XL: |  1  2  3  4  5  6  7  8  9 10 11 12 |
---------------+-------------------------------------+-----
Axes           | 4 5 6 7 8 9 11 14 16 18 19 20 | 20.7
Fighting       | 4 5 6 8 10 | 10.5
Armour         | 3 5 7 9 10 | 10.9
Dodging        | |  2.1

Action                     |  1- 3 |  4- 6 |  7- 9 | 10-12 || total
---------------------------+-------+-------+-------+-------++-------
  Melee: Hand axe          |    81 |    75 |       |       ||   156
         Headbutt          |    10 |    22 |    23 |    61 ||   116
         Broad axe         |       |    11 |   134 |   219 ||   364
         Punch             |       |     1 |     1 |     3 ||     5
         Executioner's axe |       |       |       |    25 ||    25
 Invoke: Berserk           |       |     1 |     2 |     3 ||     6
         Brothers in Arms  |       |       |       |     1 ||     1
    Use: Scroll            |       |       |    13 |     3 ||    16
         Potion            |       |       |       |     2 ||     2
   Stab: Sleeping          |     1 |     1 |       |       ||     2
 Armour: Animal skin       |    38 |    13 |       |       ||    51
         Scale mail        |       |    45 |    38 |       ||    83
         Chain mail        |       |       |    60 |   247 ||   307
  Dodge: Dodged            |    49 |    40 |    51 |    99 ||   239

Table legend: (Time is in decaauts)
 A = Elapsed time spent in this place.
 B = Non-inter-level travel time spent in this place.
 C = Inter-level travel time spent in this place.
 D = Time resting spent in this place.
 E = Time spent auto-exploring this place.
 F = Levels seen in this place.
 G = Mean time per level.
                   A        B        C        D        E       F      G
               +--------+--------+--------+--------+--------+-----+--------+
         Total |  11775 |  10743 |   1032 |    161 |   8991 |  15 |  785.0 |
       Dungeon |  10720 |   9703 |   1017 |    161 |   8139 |  13 |  824.6 |
          Lair |   1054 |   1040 |     14 |      0 |    852 |   2 |  527.0 |
               +--------+--------+--------+--------+--------+-----+--------+

Top non-repeatable levels by time:
     D:2: 1087 daAuts
     D:4: 1066 daAuts
     D:1: 1034 daAuts
  Lair:1: 1011 daAuts
     D:3: 1005 daAuts
     D:6: 982 daAuts
    D:11: 964 daAuts
     D:5: 867 daAuts
    D:10: 802 daAuts
     D:8: 771 daAuts
     D:9: 723 daAuts
    D:12: 720 daAuts
     D:7: 694 daAuts
  Lair:2: 43 daAuts
    D:13: 1 daAuts
